Cogmind - Beta 17 @@@ ROGUE MODE // 2026.07.03 @ 20:44:38 Player: Lord Draconis Result: Destroyed by S-10 Pest with Light Assault Rifle Performance ------------- Evolutions (0) 0 Regions Visited (2) 400 Robots Destroyed (32) 160 Value Destroyed (719) 719 Prototype IDs (0) 0 Alien Tech Used (0) 0 Bonus (0) 0 TOTAL SCORE: 1279 Bonus ------- None Cogmind --------- Core Integrity 0/250 Matter 245/300 Energy 214/250 System Corruption 2% Temperature Cool (77) Movement Treading (480) Ox4 Location -10/Mines Parts ------- > --- POWER (1) -------- Ion Engine > --- PROPULSION (2) --- Light Treads > --- UTILITY (2) ------ Heat Sink Huge Storage Unit > --- WEAPON (2) ------- Particle Gun Beam Cannon > --- INVENTORY (25) --- Light Ion Engine Light Nuclear Core Light Treads Light Treads Compact Wheel Heat Sink High-capacity Storage Unit Medium Matter Pod (100) High-capacity Matter Pod (200) Sensor Array Experimental Sensor Array Signal Interpreter Targeting Computer Targeting Computer Core Shielding Tractor Beam Medium Laser Small Laser Light Assault Rifle Heavy Battle Rifle Light Cannon Grenade Launcher Grenade Launcher Grenade Launcher Hammer Peak State ------------ > --- POWER ------------ Ion Engine > --- PROPULSION ------- Light Treads Light Treads > --- UTILITY ---------- Heat Sink Huge Storage Unit > --- WEAPON ----------- Particle Gun Beam Cannon > --- INVENTORY -------- Ion Engine Light Ion Engine Light Treads Light Treads Light Treads Compact Wheel Heat Sink High-capacity Storage Unit Medium Matter Pod High-capacity Matter Pod Sensor Array Experimental Sensor Array Signal Interpreter Targeting Computer Tractor Beam Medium Laser Small Laser Light Assault Rifle Grenade Launcher Grenade Launcher Grenade Launcher Hammer [Rating: 11] Favorites ----------- Power Ion Engine Engine Ion Engine Propulsion Light Treads Treads Light Treads Utility Huge Storage Unit Device Heat Sink Storage Huge Storage Unit Weapon Beam Cannon Energy Gun Particle Gun Energy Cannon Beam Cannon Ballistic Gun Light Assault Rifle Launcher Grenade Launcher Special Weapon Mining Laser Build | -11 -10 -10 ------- Run | Yrd Mat Min Slots Evolved . | . . . Power . | . . . Propulsion . | . . . Utility . | . . . Weapon . | . . . Parts Attached 18 | 6 8 4 Power 2 | 1 1 . Engine 2 | 1 1 . Core . | . . . Reactor . | . . . Propulsion 5 | 2 2 1 Treads 5 | 2 2 1 Leg . | . . . Wheel . | . . . Hover . | . . . Flight . | . . . Utility 3 | 1 1 1 Device 1 | . . 1 Storage 2 | 1 1 . Processor . | . . . Hackware . | . . . Protection . | . . . Artifact . | . . . Weapon 8 | 2 4 2 Energy Gun 3 | 2 1 . Energy Cannon 1 | . 1 . Ballistic Gun 1 | . 1 . Ballistic Cannon . | . . . Launcher 2 | . . 2 Special Weapon 1 | . 1 . Impact Weapon . | . . . Slashing Weapon . | . . . Piercing Weapon . | . . . Special Melee Weapon . | . . . Unidentified Prototypes . | . . . Parts Lost 4 | . 2 2 Power . | . . . Propulsion 3 | . 1 2 Utility . | . . . Weapon 1 | . 1 . Highest Loss Streak 2 | . 2 1 To Critical Strikes . | . . . Average Backups 18 | 2 17 22 Power 1 | . 1 1 Propulsion 3 | . 4 3 Utility 6 | . 5 9 Weapon 6 | . 5 7 Tool/Special . | . . . Unused Backups 23 | . 1 22 Power 2 | . . 2 Propulsion 2 | . . 2 Utility 14 | . 1 13 Weapon 5 | . . 5 Tool/Special . | . . . Average Slot Usage (%) 99 | . 99 99 Engine 14 | . 14 14 Treads 27 | . 28 27 Device 5 | . . 13 Storage 22 | . 27 14 Energy Gun 8 | . 4 13 Energy Cannon 12 | . 11 13 Ballistic Gun 7 | . 11 . Peak Build Rating 11 | 6 10 11 Average Rating 9 | 5 8 10 On Entrance 5 | . 6 10 Avg Prop Armor Cover (%) . | . . . Naked Turns . | . . . Heaviest Build 96 | 13 96 96 Greatest Support 40 | 40 40 40 Greatest Overweight (x) 3 | 3 2 2 Average Overweight (x) 1 | . 1 2 Largest Inventory Capacity 25 | 8 25 25 Average Capacity 24 | 7 24 25 Most Carried 25 | 4 24 25 Average Carried 18 | 2 17 22 Final Capacity 25 | 8 25 25 Final Carried 25 | 4 22 25 Class Distribution -------------------- 100% | Mutant Dominant Class ---------------- Mutant | -10/Materials Mutant | -10/Mines Resources | -11 -10 -10 ----------- Run | Yrd Mat Min Matter Collected 783 | 259 131 393 Remotely . | . . . Salvage Created 1062 | 104 589 369 Parts 49 | 3 32 14 Haulers Intercepted 2 | . 2 . Recyclers Shooed 3 | . 3 . Parts Field Recycled . | . . . Retrieved Matter . | . . . Parts Self-Destructed . | . . . Prevented . | . . . Parts Restored . | . . . Kills | -11 -10 -10 ------- Run | Yrd Mat Min Combat Hostiles Destroyed 18 | . 12 6 Guns 8 | . 5 3 Cannons 10 | . 7 3 Classes Destroyed 8 | 2 6 . Worker 4 | . 3 1 Builder 1 | . 1 . Tunneler 1 | 1 . . Hauler 2 | . 2 . Recycler 4 | 1 2 1 Watcher 2 | . 2 . Swarmer 6 | . 6 . Grunt 12 | . 6 6 Best Kill Streak 5 | 2 5 3 Combat Bots Only 3 | . 3 2 Max Kills in Single Turn 2 | 1 2 1 Gunslinging . | . . . Exploded . | . . . Melee . | . . . Uniques/NPCs Destroyed . | . . . Combat | -11 -10 -10 -------- Run | Yrd Mat Min Hostile Shots Fired 130 | . 69 61 Missed 33 | . 16 17 Hits 97 | . 53 44 Projectile 97 | . 53 44 Critical Strikes 3 | . 1 2 Damage Taken 1091 | . 634 457 Core 253 | . 148 105 Absorbed by Shields . | . . . Core Remaining (%) 100 | 100 . . Volleys Fired 91 | 12 53 26 Largest 2 | 2 2 2 Hottest 125 | 90 125 125 Shots Fired 179 | 22 104 53 Gun 115 | 22 68 25 Cannon 60 | . 34 26 Launcher 2 | . . 2 Special 2 | . 2 . Kinetic 44 | . 44 . Thermal 133 | 22 60 51 Explosive 2 | . . 2 Electromagnetic . | . . . Robot Hit Streak 9 | 7 9 8 Robot Miss Streak 5 | 2 5 3 Penetration Max . | . . . Secondary Targets . | . . . Shots Hit Robots 101 | 18 52 31 Core Hits 51 | 3 35 13 Critical Kills . | . . . Critical Parts Destroyed . | . . . Critical Strikes 3 | . 3 . Burn 3 | . 3 . Melee Attacks . | . . . Impact . | . . . Slashing . | . . . Piercing . | . . . Sneak Attacks . | . . . Combat Hostiles . | . . . Follow-up Attacks . | . . . Damage Inflicted 1934 | 213 1181 540 Guns 848 | 213 357 278 Cannons 590 | . 328 262 Explosions 496 | . 496 . Melee . | . . . Ramming . | . . . Kinetic 169 | . 169 . Thermal 1269 | 213 516 540 Explosive 496 | . 496 . Electromagnetic . | . . . Impact . | . . . Slashing . | . . . Piercing . | . . . Highest Corruption 2 | . 2 2 Average Corruption 2 | . 2 2 Corruption Purged . | . . . Corruption Blocked . | . . . Effects 25 | . 7 18 Message Errors 3 | . . 3 Matter Fused 9 | . 5 4 Heat Flow Errors 2 | . 1 1 Energy Discharges 4 | . 1 3 Data Loss (minor) 4 | . . 4 Data Loss (major) 2 | . . 2 Misfires 1 | . . 1 Overload Shots . | . . . Overflow Damage 97 | . 91 6 Projectiles 6 | . . 6 Explosions 91 | . 91 . Melee . | . . . Knockbacks . | . . . Impact . | . . . Kinetic . | . . . Secondary . | . . . Self-Inflicted Damage 76 | . 76 . Shots 1 | . 1 . Rammed . | . . . Targets Rammed . | . . . Kicked . | . . . Crushed . | . . . Highest Temperature 336 | 270 294 336 Average Temperature 93 | 114 74 124 Received Heat Transfer 408 | . 219 189 Siege Activations . | . . . Martial Activations . | . . . Shielding Activations . | . . . Robots Disrupted . | . . . Combat Hostiles . | . . . Robots Corrupted . | . . . Combat Hostiles . | . . . Parts Fried . | . . . Impact Corruptions . | . . . Robots Melted . | . . . Combat Hostiles . | . . . Parts Melted 7 | 2 4 1 Heat Transferred 3271 | 570 1480 1221 Parts Sabotaged . | . . . Parts Stolen . | . . . Parts Stripped . | . . . Power Chain Reactions . | . . . Alert | -11 -10 -10 ------- Run | Yrd Mat Min Maximum Alert Level . | . . . Low Security (%) 100 | 100 100 100 Level 1 . | . . . Level 2 . | . . . Level 3 . | . . . Level 4 . | . . . Level 5 . | . . . High Security . | . . . Max Security . | . . . Peak Influence 180 | 10 180 84 Initial 38 | . . 38 Average 41 | 1 66 9 Influence Increases 845 | 10 650 185 Destroy 0b10 Robot/C 360 | . 240 120 Destroy 0b10 Robot/NC 70 | 10 50 10 Destroy Leader 88 | . 58 30 Successful Hack 20 | . 20 . Select Force Hacks 30 | . 30 . Disable Machine 165 | . 165 . Destroy Structure 52 | . 42 10 Lose Combat Pursuer 60 | . 45 15 Influence Decreases 834 | 10 551 273 Entered New Map 61 | . . 61 Time Decay 702 | 10 500 192 Lost Part 40 | . 20 20 Purge Threat 31 | . 31 . Squads Dispatched 2 | . 2 . Investigation 1 | . 1 . Extermination . | . . . Reinforcement 1 | . 1 . Assault . | . . . Garrison . | . . . Intercept . | . . . Searches Triggered . | . . . Construction Impeded . | . . . Haulers Reinforced . | . . . Active Scanning Responses . | . . . Cargo Convoy Interrupts . | . . . Stealth | -11 -10 -10 --------- Run | Yrd Mat Min Distress Signals 2 | . 2 . Communications Jammed . | . . . Distress Signals . | . . . Times Spotted 30 | . 21 9 Peak Tracking Total 6 | . 6 3 Tactical Retreats 3 | . 2 1 Traps | -11 -10 -10 ------- Run | Yrd Mat Min Traps Triggered 1 | . 1 . Indirectly . | . . . Trap Hack Attempts . | . . . Triggered . | . . . Disarmed . | . . . Reprogrammed . | . . . Reused . | . . . Traps Extracted . | . . . Installed . | . . . Triggered . | . . . Machines | -11 -10 -10 ---------- Run | Yrd Mat Min Machines Disabled 12 | . 12 . Max in Single Turn 3 | . 3 . Machines Repaired . | . . . Machines Dismantled . | . . . Machines Sabotaged . | . . . Overloaded Fab Kills . | . . . Hacking | -11 -10 -10 --------- Run | Yrd Mat Min Machines Accessed 6 | . 6 . Terminals 5 | . 5 . Fabricators . | . . . Repair Stations . | . . . Recycling Units 1 | . 1 . Scanalyzers . | . . . Garrison Access . | . . . Total Hacks 23 | . 23 . Successful 6 | . 6 . Failed 16 | . 16 . Catastrophic 2 | . 2 . Database Lockouts 1 | . 1 . Manual 17 | . 17 . Terminals 21 | . 21 . Fabricators . | . . . Repair Stations . | . . . Recycling Units 2 | . 2 . Scanalyzers . | . . . Garrison Access . | . . . Terminal Hacks 5 | . 5 . Part Schematic 1 | . 1 . Emergency Access Points 1 | . 1 . Unreport Threat 1 | . 1 . Locate Traps 1 | . 1 . Hauler Manifests 1 | . 1 . Fabricator Hacks . | . . . Repair Station Hacks . | . . . Recycling Unit Hacks . | . . . Scanalyzer . | . . . Garrison Access Hacks . | . . . Unauthorized Hacks 1 | . 1 . Terminals . | . . . Fabricators . | . . . Repair Stations . | . . . Recycling Units 1 | . 1 . Tunnel 1 | . 1 . Scanalyzers . | . . . Garrison Access . | . . . Data Cores Recovered . | . . . Used . | . . . Hacking Detections 5 | . 5 . Full Trace Events . | . . . Feedback Events . | . . . Feedback Blocked . | . . . Robot Schematics Acquired . | . . . Robots Built . | . . . Authchips . | . . . Time . | . . . Total Robot Build Rating . | . . . Part Schematics Acquired 1 | . 1 . Parts Built . | . . . Authchips . | . . . Time . | . . . Total Part Build Rating . | . . . Part Studies Acquired . | . . . Parts Repaired . | . . . Time . | . . . Parts Recycled . | . . . Recycled Matter . | . . . Retrieved Matter . | . . . Retrieved Components . | . . . Parts Scanalyzed . | . . . Part Schematics Acquired . | . . . Parts Damaged . | . . . Bothacking | -11 -10 -10 ------------ Run | Yrd Mat Min Used RIF Installer . | . . . Robots Hacked . | . . . Non-combat . | . . . Combat . | . . . Robot Hacks Applied . | . . . Relay Couplers Released . | . . . Fabnet Peak Effective % . | . . . Robots Rewired . | . . . Allies Hacked . | . . . Hacks Repelled . | . . . Allies | -11 -10 -10 -------- Run | Yrd Mat Min Total Allies . | . . . Largest Group . | . . . Highest-Rated Group . | . . . Highest-Rated Ally . | . . . Total Orders . | . . . Ally Attacks . | . . . Total Damage . | . . . Kills . | . . . Allies Corrupted . | . . . Allies Melted . | . . . Intel | -11 -10 -10 ------- Run | Yrd Mat Min Active Infowar (turns) . | . . . Robot Analysis Total . | . . . Derelict Logs Recovered 2 | . . 2 Drone Launches . | . . . Drone Recoveries . | . . . Exploration | -11 -10 -10 ------------- Run | Yrd Mat Min Turns Passed 3939 | 111 2261 1567 Spaces Moved 1120 | 41 627 452 Core 8 | 8 . . Treads 1112 | 33 627 452 Legs . | . . . Wheels . | . . . Hover . | . . . Flight . | . . . Fastest Speed 50 | 50 160 320 Average Speed 307 | 159 308 320 Slowest Speed 320 | 200 320 320 Overloaded Moves . | . . . Propulsion Burnouts . | . . . Robots Hopped . | . . . Potential Cave-ins . | . . . Cave-ins Triggered . | . . . Exploration Rate (%) 64 | 4 96 94 Regions Visited 2 Branch Regions 1 Pre-discovered Areas 1 | . 1 . Known Exits Taken . | . . . Unknown Exits Taken 2 | 1 1 . Scrap Searched 1 | . . 1 Spaces Dug . | . . . Terrain Destroyed 57 | . 44 13 Melee . | . . . Projectile . | . . . AOE 57 | . 44 13 Terrain Rammed . | . . . Walls Destroyed . | . . . Machines Disabled . | . . . Actions | -11 -10 -10 --------- Run | Yrd Mat Min Total 1442 | 62 857 523 Wait 172 | . 146 26 Move 1118 | 40 626 452 Hop . | . . . Pick Up 33 | 4 21 8 Fast Attach 7 | 6 1 . Attach 4 | . 2 2 Detach . | . . . Swap 11 | . 6 5 Drop 6 | . 2 4 Fire 91 | 12 53 26 Melee . | . . . Ram . | . . . Kick . | . . . Crush . | . . . Escape Stasis . | . . . Rewire . | . . . Trap . | . . . Miscellaneous . | . . . Route ------- -11/Scrapyard -10/Materials (discovered 6 exits: [*Mat x3] / [*Min x2] / [*Sub]) -10/Mines (discovered 2 exits: [*Mat x2]) History --------- Turn | Location | Event 16 | -11/Scrapyard | Discovered new exit (range 15) 112 | -11/Scrapyard | Entered Materials 302 | -10/Materials | Build established: Mutant 542 | -10/Materials | Discovered new exit (range 16) 738 | -10/Materials | Central database locked down 1059 | -10/Materials | Discovered new exit (range 7) 1074 | -10/Materials | Core integrity fell below 50% 1608 | -10/Materials | Discovered new exit (range 10) 1707 | -10/Materials | Discovered new exit (range 12) 1760 | -10/Materials | Discovered new exit (range 13) 2034 | -10/Materials | Discovered new exit (range 9) 2373 | -10/Materials | Entered Mines 2567 | -10/Mines | Found a damaged Exp. Sensor Array with a note attached 2573 | -10/Mines | Found Prototype Device 2657 | -10/Mines | Learned Materials terminal intel 2886 | -10/Mines | A weapon hastily lodged in a ceiling crevice suddenly fell to the ground 3279 | -10/Mines | Learned 2 Materials zone layouts 3773 | -10/Mines | Discovered new exit (range 10) 3831 | -10/Mines | Discovered new exit (range 5) 3919 | -10/Mines | Core integrity fell below 20% 3940 | -10/Mines | Destroyed by S-10 Pest with Light Assault Rifle Last Messages --------------- 03654_ System corrupted: Component data lost. 03710_ Acquired Lgt. Cannon. 03727_ Acquired Core Shielding. 03734_ System corrupted: Energy discharge (-82). 03744_ Acquired Targeting Computer. 03757_ System corrupted: Matter fused (-6). 03773_ EXIT=FOUND 03786_ System corrupted: Component data lost. 03831_ Searching scrap... 03831_ Found Heat Sink. 03831_ Found Sensor Array. 03831_ Found 61 Matter. 03831_ Found Core Shielding. 03831_ Found 30 Matter. 03831_ EXIT=FOUND 03832_ Acquired 6 matter. 03844_ Dropped Core Shielding. 03844_ Acquired Core Shielding. 03925_ IWI HS|Q#VMGAE#XKRP9WC0YZKVBCX7FI 03930_ Lgt. Treads destroyed. Map ----- +----------------------------------------------------+ | | | | | | | | | | | | | | | | | | | | | ?????????????????????????????????????????????? | | ????????########?????????????????????????????? | | ?###????# #????????????????????? ??????? | | ## ##??# !!! #????????##??????????? "??????? | | # #??# ! ! #???????## ##????????? "??????? | | ?# #??# #???????# #????# ?"" ""?????? | | ??# ##?# !! #????????# #????# #??? | | ??## ### #????????# ##???# """ """ #??? | | ???# ##! ###??#####?# #???# """ """ #??? | | ???# #????# #?## #???# """ """ #??? | | ???# #????# #?## #???# #??? | | ???## #???## #?# ##??# #??? | | ????#### #???# #??# ##?# < ????? | | ???????## #???# #??# ###? ??????? | | ????????# #???## #??# s #### #???????? | | ????????## #????# #??#@s ! #???????? | | ?##????## #???## #??##s !%% #???????? | | ##????# #???# #???## ##???????? | | ##### #???# #????# #????????? | | #??## ##????# < ##????????? | | #### #?## #?????# #?????????? | | #?## ### #?????# ## #?????????? | | ###?## ## ##?????# ###?????????? | | ????## ##??????# #####???????????? | | ####### ## ##???????# #???????????????? | | # #### ##????????# #???????????????? | | # ##??#####?????????# #???????????????? | | # ######?????????????????# #???????????????? | | #####??????????????????# #???????????????? | | # #?????????????????## #???????????????? | | # #????????????????## #???????????????? | | # ### #????????????????# #???????????????? | | # ### #????????????????# ##??????????????? | | # ## ###?????????????## #??????????????? | | # #? ##?????######## #??????????????? | | # #? #?????# ##?????????????? | | #?# ##????# ##????????????? | | ###?# ##???# ### ##???????????? | | ???## ##??# ??## ##??????????? | | ???# #??# #??## #??????????? | +----------------------------------------------------+ Best States ------------- Heat Dissipation 35 Energy Generation 10 Energy Capacity 250 Matter Stores 300 Matter Capacity 300 Sight Range 16 Terrain Scan Density 10 Evasion (%) 40 Recoil Reduction 2 Item Schematics ----------------- Huge Storage Unit | -10/Materials | Hacked Robot Schematics ------------------ None Fabricated ------------ Nothing Repaired ---------- Nothing Studied --------- None Alien Tech Used ----------------- None Achievements -------------- None Challenges ------------ None Game ------ Seed HelicalInterdictionMallet Manual? 0 Play Time 00:19:14 Cumulative 118.8 hours Start 2026.07.03 @ 20:21:50 End 2026.07.03 @ 20:44:38 Sessions 1 Manual Loads 0 Difficulty Rogue Special Mode None Game No. 79 Rogue 79 Adventurer 0 Explorer 0 Win Type - Total 4 Types 4/0/0/0/0/0/0/0/0/0 Lore% 32 Gallery% 40 Achievement% 28 Wizard Run 0 Options --------- Layout 0 ASCII 0 Keyboard 0 Movement Mouse Keybinds 0 Fullscreen 2 Font 18/SmallcapsGlow Map View 76x50 Zoom Use 0% Tactical HUD 1 Map Filters NONE Filters NONE Steam 1 RUN: f9da26cc-ecd2-472a-8597-713a6c96193c